 Dungeon Crawl Stone Soup version 0.30.0-29-ga12c61a403 (webtiles) character file.

Game seed: 4639861977375948427

347457 cheesebisquit the Marksgargoyle (level 22, -17/139 HPs)
             Began as a Gargoyle Earth Elementalist on June 7, 2023.
             Was the Champion of Dithmenos.
             Killed from afar by an ancient lich (81 damage)
             ... with a crystal spear
             ... on level 4 of the Abyss on June 8, 2023.
             The game lasted 02:55:36 (48958 turns).

cheesebisquit the Marksgargoyle (GrEE)             Turns: 48958, Time: 02:55:37

Health: -17/139    AC: 31    Str: 15    XL:     22   Next: 14%
Magic:  15/33      EV: 18    Int: 17    God:    Dithmenos [******]
Gold:   4187       SH:  5    Dex: 17    Spells: 7/31 levels left

rFire   + + .        r - +11 longbow "Fabluh" {flame, rElec rN+}
rCold   + . .        (shield currently unavailable)
rNeg    + + +        D - +3 ring mail "Xuh San" {rC+ rCorr Slay+4 Stlth-}
rPois   ∞            m - +0 helmet of Understanding {rElec rF++ rN+ Int-3}
rElec   +            U - scarf {harm}
rCorr   +            S - +1 pair of gloves
SInv    +            d - +2 pair of boots
Will    ++...        E - amulet of reflection
Stlth   ++++++++     u - ring of see invisible
HPRegen 0.43/turn    H - ring "Unku" {Will+ Dex+3 Slay+5}
MPRegen 0.23/turn

%: harm (+30% outgoing, +20% incoming), reflection
@: corroded, flying, wreathed by umbra
A: sickness immunity, AC +16, big wings, negative energy resistance 1,
electricity resistance, torment resistance 1, petrification resistance
}: 2/15 runes: decaying, gossamer
a: Renounce Religion, Shadow Step, Shadow Form


You were on level 4 of the Abyss.
You worshipped Dithmenos.
Dithmenos was exalted by your worship.
You visited 8 branches of the dungeon, and saw 38 of its levels.
You visited the Abyss 1 time.
You also visited: Ice Cave.

You collected 6082 gold pieces.
You spent 1895 gold pieces at shops.

Inventory:

Hand Weapons
 p - a +9 arbalest of electrocution
 r - the +11 longbow "Fabluh" (weapon) {flame, rElec rN+}
   (You found it on level 3 of the Dungeon)

   rElec:     It insulates you from electricity.
   rN:        It protects you from negative energy.
Missiles
 c - 2 silver boomerangs
 F - 4 silver javelins
 G - 69 poisoned darts
 J - 14 boomerangs
 K - 11 javelins
 P - 3 throwing nets
 R - 13 curare-tipped darts
 T - 2 boomerangs of dispersal
 X - 4 atropa-tipped darts
Armour
 a - the +1 robe "Uminol" {-Cast Str+6 SInv}
   (You took it off a kobold on level 9 of the Dungeon)

   Str:       It affects your strength (+6).
   SInv:      It lets you see invisible.
   -Cast:     It prevents spellcasting.
 d - a +2 pair of boots (worn)
 e - a +0 cloak of stealth
 h - a +2 kite shield
 m - the +0 helmet of Understanding (worn) {rElec rF++ rN+ Int-3}
   (You acquired it on level 2 of the Spider Nest)

   Int:       It affects your intelligence (-3).
   rF:        It greatly protects you from fire.
   rElec:     It insulates you from electricity.
   rN:        It protects you from negative energy.
 o - a scarf of resistance
 D - the +3 ring mail "Xuh San" (worn) {rC+ rCorr Slay+4 Stlth-}
   (You found it on level 4 of the Dungeon)

   Slay:      It affects your accuracy & damage with ranged weapons and melee
   (+4).
   rC:        It protects you from cold.
   rCorr:     It protects you from acid and corrosion.
   Stlth:     It makes you less stealthy.
 S - a +1 pair of gloves (worn)
 U - a scarf of harm (worn)
Jewellery
 u - a ring of see invisible (left hand)
 B - the ring of Buusch {Fly rElec Dex+6}
   (You found it on level 4 of the Dungeon)

   [ring of dexterity]

   Dex:       It affects your dexterity (+6).
   rElec:     It insulates you from electricity.
   Fly:       It grants you flight.
 E - an amulet of reflection (around neck)
 H - the ring "Unku" (right hand) {Will+ Dex+3 Slay+5}
   (You found it on level 6 of the Dungeon)

   [ring of willpower]

   Dex:       It affects your dexterity (+3).
   Slay:      It affects your accuracy & damage with ranged weapons and melee
   (+5).
   Will:      It increases your willpower.
Wands
 y - a wand of iceblast (26)
 I - a wand of flame (46)
 L - a wand of charming (26)
 M - a wand of mindburst (27)
 N - a wand of quicksilver (17)
 V - a wand of polymorph (27)
Scrolls
 g - 26 scrolls of teleportation
 k - 3 scrolls of poison
 n - a scroll of blinking
 s - 5 scrolls of fear
 w - 2 scrolls of magic mapping
 z - 2 scrolls of silence
 Q - a scroll of butterflies
 W - 5 scrolls of fog
 Z - 3 scrolls of immolation
Potions
 b - 8 potions of magic
 f - 6 potions of heal wounds
 i - 6 potions of ambrosia
 j - 4 potions of cancellation
 l - a potion of invisibility
 q - 3 potions of attraction
 t - 11 potions of brilliance
 v - 7 potions of haste
 x - 10 potions of might
 A - 18 potions of curing
 C - 7 potions of mutation
 O - 2 potions of lignification
 Y - 6 potions of resistance


   Skills:
 + Level 14.8 Fighting
 - Level 18.0 Ranged Weapons
 + Level 14.0 Armour
 + Level 13.4 Dodging
 - Level 15.0 Stealth
 + Level 5.0 Spellcasting
 + Level 3.4 Hexes
 + Level 11.0 Necromancy
 - Level 0.7 Transmutations
 + Level 15.9 Earth Magic
 - Level 15.0 Invocations
 - Level 2.0 Evocations


You had 7 spell levels left.
You knew the following spells:

 Your Spells              Type           Power      Damage    Failure   Level
a - Sandblast             Erth           100%       2d20      1%          1
b - Passwall              Tmut/Erth      26%        N/A       1%          2
c - Stone Arrow           Conj/Erth      62%        3d10      2%          3
d - Borgnjor's Vile Clut  Necr/Erth      25%        N/A       2%          5
e - Leda's Liquefaction   Hex/Erth       18%        N/A       4%          4
f - Animate Dead          Necr           41%        N/A       2%          4
g - Yara's Violent Unrav  Hex/Tmut       5%         3d4       95%         5

Your spell library contained the following spells:

 Spells                   Type           Power      Damage    Failure   Level
 Petrify                  Tmut/Erth      32%        N/A       8%          4
 Animate Armour           Summ/Erth      62%        N/A       9%          4
 Tukima's Dance           Hex            16%        N/A       16%         3
 Foxfire                  Conj/Fire      16%        2x1d4     22%         1
 Summon Small Mammal      Summ           16%        N/A       22%         1
 Dazzling Flash           Conj/Hex       20%        N/A       32%         3
 Summon Guardian Golem    Hex/Summ       10%        N/A       32%         3
 Momentum Strike          Conj/Tloc      8%         3d8       34%         2
 Scorch                   Fire           8%         2d5       34%         2
 Death Channel            Necr           20%        N/A       36%         6
 Cause Fear               Hex            8%         N/A       47%         4
 Ignite Poison            Fire/Tmut/Pois 5%         N/A       52%         3
 Call Canine Familiar     Summ           4%         N/A       56%         3
 Frozen Ramparts          Ice            8%         1d2       56%         3
 Ice Form                 Ice/Tmut       5%         N/A       89%         4
 Airstrike                Air            2%         2d(1-17)  92%         4
 Flame Wave               Conj/Fire      4%         2d5       92%         4
 Iskenderun's Mystic Bla  Conj/Tloc      4%         2d3       92%         4
 Passage of Golubria      Tloc           4%         N/A       92%         4
 Sticky Flame             Conj/Fire      4%         2d3       92%         4
 Summon Ice Beast         Ice/Summ       4%         N/A       92%         4
 Summon Mana Viper        Hex/Summ       10%        N/A       97%         5
 Alistair's Intoxication  Tmut/Pois      3%         N/A       99%         5
 Fireball                 Conj/Fire      2%         3d4       99%         5
 Freezing Cloud           Conj/Ice/Air   2%         6-21      99%         5
 Summon Forest            Summ/Tloc      2%         N/A       99%         5
 Conjure Ball Lightning   Conj/Air       2%         3x3d6     100%        6
 Eringya's Noxious Bog    Tmut/Pois      2%         N/A       100%        6
 Plasma Beam              Fire/Air       2%         2x1d13    100%        6
 Starburst                Conj/Fire      2%         6d3       100%        6
 Summon Cactus Giant      Summ           2%         N/A       100%        6
 Dragon Form              Tmut           3%         N/A       100%        7
 Spellforged Servitor     Conj/Summ      2%         N/A       100%        7
 Storm Form               Tmut/Air       2%         N/A       100%        7
 Ignition                 Fire           2%         3d3       100%        8
 Dragon's Call            Summ           2%         N/A       100%        9
 Cigotuvi's Dreadful Rot  Necr/Pois/Air  Unusable   N/A       N/A         2

Dungeon Overview and Level Annotations

Branches:
Dungeon (15/15)            Temple (1/1) D:4            Lair (5/5) D:11
  Swamp (4/4) Lair:3       Spider (4/4) Lair:3        Slime (0/5) Lair:5
    Orc (2/2) D:11            Elf (3/3) Orc:2        Vaults (4/5) D:14
  Crypt (0/3) Vaults:3     Depths (0/4) D:15          IceCv (visited)

Altars:
Ashenzari
Cheibriados
Dithmenos
Elyvilon
Fedhas
Gozag
Hepliaklqana
Kikubaaqudgha
Makhleb
Nemelex Xobeh
Okawaru
Qazlal
Ru
Sif Muna
Trog
Uskayaw
Vehumet
Wu Jian
Xom
Yredelemnul
Zin
The Shining One
Jiyva

Shops:
D:10 *   Orc:2 =([*   Elf:1 [[:   Vaults:4 !

Portals:
Trove: D:15 (give +7 demon blade)

Annotations:
Elf:2 1 runed translucent door
Vaults:4 1 transporter


Innate Abilities, Weirdness & Mutations

You are immune to sickness and miasma.
Your stone body is resilient. (AC +16)
You are immune to poison.
Your large and strong wings let you fly.
You resist negative energy. (rN+)
You are resistant to electric shocks. (rElec)
You are resistant to unholy torment.
You are immune to petrification.


Message History

Reactivating autopickup.
u - a ring of see invisible (left hand)
The zombie hands constrict the ancient lich.
You shoot an arrow.
The arrow hits the ancient lich but does no damage.
The ancient lich is lightly damaged.
The zombie hands constrict the ancient lich.
The ancient lich gestures at you while chanting.
You resist with significant effort.
You shoot an arrow. The arrow hits the ancient lich!
The arrow burns the ancient lich.
The ancient lich is moderately damaged.
The zombie hands constrict the ancient lich.
The zombie hands release their grip on the ancient lich.
The ancient lich casts a spell at you. The bolt of acid hits you! You resist.
The acid corrodes you!
You hear a bark!
You shoot an arrow. The arrow hits the ancient lich.
The arrow burns the ancient lich.
The ancient lich is heavily damaged.
You shoot an arrow. The arrow hits the ancient lich.
The arrow burns the ancient lich.
The ancient lich is heavily damaged.
You shoot an arrow. The arrow hits the ancient lich.
The ancient lich is heavily damaged.
Your shadow shoots an arrow.
The arrow hits the ancient lich.
The ancient lich gestures at you while chanting.
The crystal spear hits you!!!
Casting: Borgnjor's Vile Clutch (mildly dangerous; 2% risk of failure)
Confirm with . or Enter, or press ? or * to list all spells.
Aiming: Borgnjor's Vile Clutch (mildly dangerous; 2% risk of failure)
Press: ? - help, Shift-Dir - straight line, f/p - ancient lich
Aim: an ancient lich (heavily damaged, slightly transparent, umbra, 100% to hit)
Zombie hands grab the ancient lich.
The zombie hands constrict the ancient lich.
You hear a deafening roar!
The ancient lich gestures at you while chanting.
The crystal spear hits you!!!
Ouch! That really hurt!
You die...

# ⌠. #. .# #
⌠. . . # # #.
.## ⌠##. . #
##.. .# # ##
#..# . #
##.###@# § #
#.###. . #.#
. # #.#
##....# ≈ § .
.# #. .DL# ~
~~#.#
##..#.#.# ~
~~~~ ..○ ....
. # ~
°~.#..... ..
~~~~
~~~#..###...#
~ ~~~~≈ ~~≈ #
..#.#


You could see a bone dragon and an ancient lich (invisible, clutched).

Vanquished Creatures
  the Lernaean hydra (Swamp:4)
  Margery (Vaults:2)
  Jorgrun (Swamp:1)
  A tentacled monstrosity (Swamp:2)
  Mlioglotl (Swamp:3)
  4 sphinxes
  A deep elf blademaster (Elf:2)
  The ghost of Vubreenic the Markscentaur, an adept CeHu of Okawaru (Spider:1)
  2 tengu reavers
  A tentacled starspawn (Abyss:4)
  A revenant (Abyss:4)
  Donald (Spider:3)
  2 deep elf sorcerers
  2 emperor scorpions (Spider:4)
  A draconian knight (IceCv)
  A shard shrike simulacrum (Abyss:4)
  7 vault wardens
  2 orc warlords
  12 ironbound preservers
  5 ghost moths
  9 very ugly things
  A broodmother (Spider:1)
  A war gargoyle (Vaults:4)
  5 ironbound thunderhulks
  A caustic shrike skeleton (Abyss:4)
  A stone giant (Vaults:2)
  14 dire elephants
  4 eleionomae
  Nessos (Lair:5)
  Azrael (D:15)
  A deep elf annihilator (Elf:3)
  5 white draconians (IceCv)
  3 bunyips (Swamp:2)
  3 spark wasps
  A fire dragon (Lair:1)
  2 shambling mangroves (Swamp:4)
  2 deep elf high priests
  8 yaktaur captains
  6 entropy weavers
  5 great orbs of eyes
  19 hydras
  A merfolk avatar (Lair:5)
  A two-headed ogre (D:9)
  2 ghost crabs
  A boulder beetle (shapeshifter) (Elf:3)
  4 radroaches
  A catoblepas (Lair:2)
  37 dancing weapons
  2 death knights
  13 ironbound frosthearts
  6 death yaks (Lair:3)
  7 alligators
  5 boulder beetles
  13 centaur warriors
  2 tengu warriors
  9 death scarabs
  2 orc high priests
  A spectral emperor scorpion (Spider:1)
  Urug (Orc:2)
  A thrashing horror (Abyss:4)
  5 hell knights (Vaults:2)
  21 deep elf knights
  A sun demon (Abyss:4)
  3 goliath frogs
  4 skysharks
  16 skeletal warriors
  9 pharaoh ants
  3 spectral ghost moths (Spider:1)
  A sun moth (Spider:2)
  4 glowing orange brains
  2 sea snakes (Lair:5)
  5 bog bodies
  10 spriggan druids
  10 deep elf archers
  10 ironbound convokers
  2 phantasmal warriors
  10 swamp dragons
  40 deep trolls
  9 orb spiders
  3 spectral wolf spiders
  8 wizards
  6 large abominations (Abyss:4)
  30 deep elf pyromancers
  28 ugly things
  A harpy (Lair:5)
  6 orc knights
  10 lindwurms
  An orange crystal statue (IceCv)
  8 steelbarb worms
  A necromancer (Vaults:2)
  A wolf spider zombie (Spider:4)
  30 deep elf zephyrmancers
  16 wolf spiders
  3 orc sorcerers (Orc:2)
  4 will-o-the-wisps
  8 cyclopes
  A manticore (D:12)
  5 moths of wrath
  A shining eye (shapeshifter) (Elf:1)
  5 elephants
  An elephant (shapeshifter) (D:15)
  A frost giant skeleton (Vaults:3)
  2 smoke demons
  2 stone giant skeletons (Vaults:3)
  7 vault sentinels
  3 storm dragon simulacra (IceCv)
  4 black mambas
  12 cane toads
  4 demonic crawlers
  4 torpor snails
  2 gargoyles
  4 molten gargoyles (Elf:2)
  An unseen horror (D:13)
  3 spectral redbacks (Spider:4)
  25 yaktaurs
  5 kobold demonologists
  2 rime drakes
  2 efreet
  15 komodo dragons
  2 redback zombies (Spider:4)
  6 golden dragon simulacra (IceCv)
  A freezing wraith (Abyss:4)
  A yaktaur skeleton (Vaults:3)
  2 ancient zymes (Abyss:4)
  5 polar bears
  3 tengu conjurers
  A spectral culicivora (Spider:4)
  3 trolls
  13 hornets
  2 bloated husks (Swamp:4)
  28 tarantellas
  A wind drake (Lair:5)
  4 spectral tarantellas (Spider:4)
  Grinder (D:3)
  9 tyrant leeches
  4 dream sheep (Lair:5)
  10 blink frogs
  A tarantella zombie (Spider:4)
  A wolf spider simulacrum (Spider:1)
  17 slime creatures
  2 jumping spider zombies (Spider:4)
  5 raiju (Abyss:3)
  2 snapping turtles (Lair:5)
  21 jumping spiders
  An air elemental (Elf:3)
  26 culicivoras
  A water elemental (Elf:1)
  3 wraiths
  A vampire (D:12)
  2 shadows (D:12)
  18 spriggans
  3 ynoxinuls (Abyss:4)
  A wyvern (shapeshifter) (Elf:1)
  8 wyverns
  3 steam dragons
  3 basilisks
  65 yaks
  7 fire elementals
  An elf skeleton (Vaults:3)
  61 redbacks
  11 vampire mosquitoes
  A small abomination (Abyss:4)
  17 swamp worms
  5 wargs
  2 acid dragons
  13 water moccasins
  A hell hound (D:15)
  2 glowing shapeshifter skeletons (Vaults:3)
  2 human skeletons (Vaults:3)
  A spectral entropy weaver (Spider:1)
  27 orc warriors
  6 swamp drakes (Swamp:4)
  3 sky beasts
  4 black bears
  7 ice dragon simulacra (IceCv)
  3 ogres
  4 boggarts (Vaults:3)
  5 wolves
  3 centaurs
  A phantom (D:4)
  6 kobold brigands
  A gnoll sergeant (D:9)
  7 scorpions
  16 bullfrogs
  An earth elemental (Elf:3)
  An entropy weaver simulacrum (Spider:1)
  8 killer bees
  5 lindwurm simulacra (IceCv)
  3 howler monkeys
  A lava snake (Elf:2)
  3 jellies
  2 hounds
  18 orc priests
  2 gnoll boudas
  21 orc wizards
  2 iguanas
  8 gnolls (D:9)
  8 adders
  A shadow imp (Abyss:4)
  4 white imps
  3 worms
  2 dart slugs (D:2)
  61 orcs
  2 ball pythons (D:1)
  4 bats
  8 endoplasms
  5 giant cockroaches
  6 goblins
  4 hobgoblins
  2 jackals (D:2)
  3 quokkas
  5 frilled lizards
  31 kobolds
  4 rats
  A starspawn tentacle (Abyss:4)
1416 creatures vanquished.

Vanquished Creatures (collateral kills)
  A snapping turtle (shapeshifter) (Elf:3)
1 creature vanquished.

Vanquished Creatures (others)
  A swamp dragon (Swamp:4)
  A chaos spawn (Abyss:4)
  3 elf zombies (Elf:3)
  An orc (Orc:2)
  2 foxfires (Swamp:4)
  2 starspawn tentacles (Abyss:4)
10 creatures vanquished.

Grand Total: 1427 creatures vanquished

Notes
Turn   | Place    | Note
-------+----------+-------------------------------------------
     0 | D:1      | cheesebisquit the Gargoyle Earth Elementalist began the
                  | quest for the Orb.
     0 | D:1      | Reached XP level 1. HP: 10/10 MP: 3/3
   117 | D:1      | Reached XP level 2. HP: 16/16 MP: 1/5
   118 | D:1      | Reached skill level 1 in Fighting
   285 | D:1      | Found a faded altar of an unknown god.
   788 | D:2      | Reached XP level 3. HP: 17/20 MP: 1/6
  1161 | D:2      | Found a shadowy altar of Dithmenos.
  1226 | D:2      | Reached XP level 4. HP: 26/26 MP: 6/8
  1570 | D:3      | Identified the +11 longbow "Fabluh" {flame, rElec rN+}
  1576 | D:3      | Learned a level 2 spell: Passwall
  1580 | D:3      | Learned a level 3 spell: Stone Arrow
  1764 | D:2      | Became a worshipper of Dithmenos the Shadowed
  1869 | D:3      | Noticed Grinder
  1871 | D:3      | Paralysed by Grinder for 4 turns
  1880 | D:3      | Killed Grinder
  1881 | D:3      | Reached skill level 2 in Ranged Weapons
  1881 | D:3      | Reached XP level 5. HP: 16/32 MP: 7/9
  1881 | D:3      | Reached XP level 6. HP: 19/37 MP: 7/10
  2299 | D:4      | Found a hide-covered altar of Uskayaw.
  2300 | D:4      | Found a blossoming altar of Fedhas.
  2313 | D:4      | Identified the ring of Buusch {Fly rElec Dex+6}
  2512 | D:4      | Reached skill level 3 in Ranged Weapons
  2598 | D:4      | Found a burning altar of Makhleb.
  2641 | D:4      | Found a staircase to the Ecumenical Temple.
  2652 | Temple   | Entered the Ecumenical Temple
  2869 | D:4      | Found an ancient bone altar of Kikubaaqudgha.
  2899 | D:4      | Reached XP level 7. HP: 42/42 MP: 11/11
  3053 | D:4      | Identified the +3 ring mail "Xuh San" {rC+ rCorr Slay+4
                  | Stlth-}
  3215 | D:5      | Entered Level 5 of the Dungeon
  3269 | D:5      | Reached skill level 4 in Ranged Weapons
  3269 | D:5      | Reached * piety under Dithmenos
  3296 | D:5      | Reached skill level 1 in Armour
  3418 | D:5      | Reached skill level 5 in Ranged Weapons
  3418 | D:5      | Reached XP level 8. HP: 48/48 MP: 12/12
  3520 | D:5      | Reached skill level 5 in Stealth
  3697 | D:6      | Reached skill level 5 in Fighting
  3751 | D:6      | Identified the ring "Unku" {Will+ Dex+3 Slay+5}
  4017 | D:6      | Reached skill level 6 in Ranged Weapons
  4219 | D:6      | Reached XP level 9. HP: 55/55 MP: 13/13
  4443 | D:7      | Found a broken altar of Ashenzari.
  4870 | D:7      | Reached skill level 7 in Ranged Weapons
  5283 | D:8      | Noticed a kobold demonologist
  5285 | D:8      | Noticed a kobold demonologist
  5289 | D:8      | Noticed a kobold demonologist
  5390 | D:8      | Noticed a rust devil
  5480 | D:8      | Killed a kobold demonologist
  5594 | D:8      | Killed a kobold demonologist
  6026 | D:9      | Found a large runed translucent door.
  6028 | D:9      | Found a large runed translucent door.
  6034 | D:9      | Reached ** piety under Dithmenos
  6066 | D:9      | Noticed a two-headed ogre
  6069 | D:9      | Killed a two-headed ogre
  6070 | D:9      | Reached skill level 8 in Ranged Weapons
  6070 | D:9      | Reached skill level 5 in Armour
  6070 | D:9      | Reached XP level 10. HP: 61/61 MP: 14/14
  6445 | D:9      | Noticed a six-headed hydra
  6513 | D:9      | Noticed a kobold demonologist
  6515 | D:9      | Noticed a kobold demonologist
  6516 | D:9      | Identified the +0 leather armour "Filoepo" {Int+3}
  6521 | D:8      | Killed a kobold demonologist
  6522 | D:8      | Reached skill level 9 in Ranged Weapons
  6624 | D:9      | Killed a kobold demonologist
  6627 | D:9      | Found an iron altar of Okawaru.
  6662 | D:9      | Found an opulent altar of Gozag.
  6827 | D:9      | Identified the +1 robe "Uminol" {-Cast Str+6 SInv}
  6889 | D:9      | Noticed a skeletal warrior
  6890 | D:9      | Found a large runed translucent door.
  6890 | D:9      | Found a large runed translucent door.
  6891 | D:9      | Noticed a death knight
  7217 | D:9      | Killed a six-headed hydra
  7271 | D:9      | Noticed a centaur warrior
  7274 | D:9      | Killed a centaur warrior
  7275 | D:9      | Reached skill level 10 in Ranged Weapons
  7275 | D:9      | Reached XP level 11. HP: 48/68 MP: 15/15
  7346 | D:9      | Identified the +1 leather armour of the Skies Above {rF+++
                  | rN+++ Str-2 Stlth+}
  7427 | D:10     | Entered Level 10 of the Dungeon
  7664 | D:10     | Found a hazy altar of Hepliaklqana.
  7678 | D:10     | Found a stormy altar of Qazlal.
  7685 | D:10     | Found a shadowy altar of Dithmenos.
  7686 | D:10     | Found a glowing silver altar of Zin.
  7789 | D:10     | Found a basalt altar of Yredelemnul.
  7878 | D:10     | Found Bin Ofow's Blasphemy Boutique.
  8203 | D:11     | Noticed a boulder beetle
  8206 | D:11     | Killed a boulder beetle
  8275 | D:11     | Noticed a cyan ugly thing
  8278 | D:11     | Killed a cyan ugly thing
  8402 | D:11     | Reached skill level 11 in Ranged Weapons
  8427 | D:11     | Reached *** piety under Dithmenos
  8428 | D:11     | Found a staircase to the Lair.
  8518 | D:11     | Found a staircase to the Orcish Mines.
  8518 | D:11     | Noticed a cyclops
  8534 | D:11     | Killed a cyclops
  9318 | D:12     | Noticed a cyclops
  9319 | D:12     | Noticed a manticore
  9320 | D:12     | Killed a cyclops
  9327 | D:12     | Reached skill level 10 in Armour
  9328 | D:12     | Reached skill level 12 in Ranged Weapons
  9328 | D:12     | Killed a manticore
  9570 | D:12     | Reached XP level 12. HP: 74/74 MP: 16/16
  9757 | D:13     | Noticed a tengu warrior
  9775 | D:13     | Killed a tengu warrior
  9857 | D:13     | Noticed a boulder beetle
  9861 | D:13     | Killed a boulder beetle
 10073 | D:13     | Reached skill level 13 in Ranged Weapons
 10132 | D:13     | Noticed a four-headed hydra
 10136 | D:13     | Killed a four-headed hydra
 10147 | D:13     | Reached skill level 14 in Ranged Weapons
 10148 | D:13     | Reached **** piety under Dithmenos
 10462 | D:14     | Noticed a centaur warrior
 10466 | D:14     | Killed a centaur warrior
 10467 | D:14     | Reached skill level 15 in Ranged Weapons
 10468 | D:14     | Noticed a death knight
 10474 | D:14     | Reached XP level 13. HP: 76/78 MP: 17/17
 10565 | Lair:1   | Entered Level 1 of the Lair of Beasts
 10624 | Lair:1   | Noticed a fire dragon
 10631 | Lair:1   | Killed a fire dragon
 10632 | Lair:1   | Reached skill level 16 in Ranged Weapons
 10827 | Lair:1   | Identified the +2 robe "Ymofiora" {+Blink}
 11546 | Lair:2   | Reached skill level 17 in Ranged Weapons
 12418 | Lair:3   | Reached ***** piety under Dithmenos
 12452 | Lair:3   | Reached skill level 18 in Ranged Weapons
 12596 | Lair:3   | Reached skill level 1 in Evocations
 12663 | Lair:3   | Gained mutation: Your large and strong wings let you fly.
                  | [Gargoyle growth]
 12663 | Lair:3   | Reached XP level 14. HP: 84/84 MP: 18/18
 12728 | Lair:3   | Found a hole to the Spider Nest.
 13132 | Lair:3   | Reached skill level 10 in Stealth
 13272 | Lair:3   | Found a staircase to the Swamp.
 13416 | Lair:4   | Reached skill level 1 in Invocations
 14180 | Lair:5   | Entered Level 5 of the Lair of Beasts
 14234 | Lair:5   | Reached skill level 5 in Dodging
 14410 | Lair:5   | Noticed Nessos
 14412 | Lair:5   | Killed Nessos
 14416 | Lair:5   | Reached skill level 5 in Invocations
 14445 | Lair:5   | Reached ****** piety under Dithmenos
 14462 | Lair:5   | Found a viscous altar of Jiyva.
 14462 | Lair:5   | Found a staircase to the Slime Pits.
 14705 | Lair:5   | Reached XP level 15. HP: 90/90 MP: 20/20
 14740 | Lair:5   | Identified the +8 trident of the Messenger {spect, Int+5}
 15360 | Orc:1    | Entered Level 1 of the Orcish Mines
 15992 | Orc:2    | Entered Level 2 of the Orcish Mines
 16818 | Orc:2    | Noticed an orc warlord
 17010 | Orc:2    | Noticed Urug
 17028 | Orc:2    | Killed an orc warlord
 17033 | Orc:2    | Killed Urug
 17169 | Orc:2    | Found Judoor's General Store.
 17176 | Orc:2    | Found Zuseurghi's Antique Weapon Boutique.
 17208 | Orc:2    | Bought a scroll of identify for 32 gold pieces
 17549 | Orc:2    | Found a staircase to the Elven Halls.
 17648 | Orc:2    | Found Xinwelao's Jewellery Boutique.
 17687 | Orc:2    | Found Rom Vit's Antique Armour Boutique.
 17790 | Orc:2    | Bought a +6 ring of dexterity for 468 gold pieces
 17790 | Orc:2    | Bought a ring of see invisible for 195 gold pieces
 18692 | D:14     | Reached skill level 10 in Invocations
 18709 | D:14     | Found a gate to the Vaults.
 19135 | D:15     | Entered Level 15 of the Dungeon
 19297 | D:15     | Found a portal to a secret trove of treasure.
 19440 | D:15     | Noticed Azrael
 19460 | D:15     | Killed Azrael
 19608 | D:15     | Reached XP level 16. HP: 96/96 MP: 24/24
 19687 | D:15     | Found a staircase to the Depths.
 20184 | Spider:1 | Entered Level 1 of the Spider Nest
 20399 | Spider:1 | Reached skill level 10 in Dodging
 20493 | Spider:1 | Found the +1 cloak of Starlight {*Dazzle EV+4 Stlth--}
 20497 | Spider:1 | Found a transporter.
 20536 | Spider:1 | Found a transporter.
 20540 | Spider:1 | Noticed Vubreenic's ghost (adept CeHu)
 21234 | Spider:2 | Reached skill level 10 in Fighting
 21726 | Spider:3 | Noticed Donald
 22071 | Spider:3 | Killed Donald
 22673 | Spider:4 | Entered Level 4 of the Spider Nest
 22983 | Spider:4 | Reached XP level 17. HP: 104/104 MP: 26/26
 24310 | Spider:4 | Identified the orb "Piajogog" {light, rElec rF+}
 24331 | Spider:4 | Got a gossamer rune of Zot
 24914 | Spider:1 | Found a transporter.
 25004 | Spider:1 | Found a transporter.
 25221 | Spider:1 | Killed Vubreenic's ghost
 25484 | Swamp:1  | Entered Level 1 of the Swamp
 26372 | Swamp:1  | Noticed Jorgrun
 26380 | Swamp:1  | Killed Jorgrun
 26495 | Swamp:1  | Reached XP level 18. HP: 114/114 MP: 27/27
 27121 | Spider:2 | Identified a scroll of acquirement
 27122 | Spider:2 | Acquired the +0 helmet of Understanding {rElec rF++ rN+
                  | Int-3}
 28058 | Swamp:2  | Noticed a tentacled monstrosity
 28062 | Swamp:2  | Killed a tentacled monstrosity
 29623 | Swamp:3  | Reached skill level 15 in Stealth
 29729 | Swamp:3  | Learned a level 5 spell: Borgnjor's Vile Clutch
 29840 | Swamp:3  | Reached skill level 5 in Earth Magic
 29845 | Swamp:3  | Reached skill level 1 in Necromancy
 30064 | Swamp:3  | Noticed Mlioglotl
 30069 | Swamp:3  | Killed Mlioglotl
 30441 | Swamp:4  | Entered Level 4 of the Swamp
 30605 | Swamp:4  | Found a frozen archway.
 30646 | IceCv    | Entered an ice cave
 31566 | IceCv    | Identified the ring "Hinwelia" {rF+ Str+6}
 33228 | Swamp:4  | Noticed the 27-headed Lernaean hydra
 33242 | Swamp:4  | Reached XP level 19. HP: 77/120 MP: 29/29
 33637 | Swamp:4  | Killed the 27-headed Lernaean hydra
 34054 | Swamp:4  | Got a decaying rune of Zot
 34328 | Vaults:1 | Entered Level 1 of the Vaults
 34387 | Vaults:1 | Got Nasadi's Encyclopedia of Violence
 34509 | Vaults:1 | Reached skill level 5 in Necromancy
 35846 | Vaults:1 | Reached skill level 10 in Earth Magic
 36261 | Vaults:2 | Reached skill level 15 in Invocations
 36441 | Vaults:2 | Noticed Margery
 36588 | Vaults:2 | Killed Margery
 37149 | Vaults:2 | Reached XP level 20. HP: 109/126 MP: 31/31
 37789 | Vaults:3 | Acquired 805 gold pieces
 39299 | Vaults:3 | Found a staircase to the Crypt.
 40935 | Vaults:4 | Found a transporter.
 41029 | Vaults:4 | Found Qioxkut Buof's Distillery.
 41079 | Vaults:4 | Bought a potion of haste for 160 gold pieces
 41079 | Vaults:4 | Bought a potion of curing for 48 gold pieces
 41079 | Vaults:4 | Bought a potion of brilliance for 64 gold pieces
 41079 | Vaults:4 | Bought a potion of curing for 48 gold pieces
 41079 | Vaults:4 | Bought a potion of resistance for 160 gold pieces
 41079 | Vaults:4 | Bought a potion of heal wounds for 80 gold pieces
 41388 | Vaults:4 | Reached skill level 10 in Necromancy
 41401 | Vaults:4 | Reached XP level 21. HP: 117/131 MP: 3/32
 42370 | Elf:1    | Entered Level 1 of the Elven Halls
 42376 | Elf:1    | Reached skill level 15 in Earth Magic
 42724 | Elf:1    | Identified the +0 leather armour of the Powerful God {Int+5
                  | Dex-4}
 42829 | Elf:1    | Found Arischuuj's Antique Armour Shoppe.
 42885 | Elf:1    | Found a shimmering blue altar of Sif Muna.
 43274 | Elf:1    | Found Ogeph's Antique Armour Shop.
 44118 | Elf:1    | Found Vavudule's Book Shoppe.
 44122 | Elf:1    | Bought Icisitam's Spellwork, Part Four for 640 gold pieces
 44127 | Elf:1    | Learned a level 4 spell: Leda's Liquefaction
 44137 | Elf:1    | Learned a level 4 spell: Animate Dead
 44519 | Elf:2    | Reached skill level 1 in Hexes
 45730 | Elf:2    | Found a runed translucent door.
 45755 | Elf:2    | Found a runed translucent door.
 46996 | Elf:2    | Learned a level 5 spell: Yara's Violent Unravelling
 47026 | Elf:3    | Entered Level 3 of the Elven Halls
 47248 | Elf:3    | Paralysed by an air elemental for 1 turns
 48151 | Elf:3    | Got the Catalogue of Astrapomancy
 48402 | Elf:3    | Reached XP level 22. HP: 124/138 MP: 22/33
 48596 | Abyss:3  | Cast into level 3 of the Abyss (a deep elf sorcerer)
 48653 | Abyss:4  | Found a corrupted altar of Lugonu.
 48922 | Abyss:4  | Reached skill level 5 in Spellcasting
 48944 | Abyss:4  | Noticed an ancient lich
 48958 | Abyss:4  | Killed from afar by an ancient lich

Illustrated notes

Levels and vault maps discovered:
D:1:      dpeg_chamrin_arrival_tetris, layout_basic, basic_ecumenical_altar
D:2:      layout_rooms, basic_altar, kennysheep_flooded_box
D:3:      layout_loops_ring, serial_bayou_pond_d, uniq_grinder
D:4:      layout_basic, gammafunk_temple_overflow_forgotten,
          lemuel_coloured_pillars_altar, minmay_temple_entry_statues_pillars,
          wad_orctagon
D:5:      layout_basic
D:6:      layout_loops_ring, minmay_misc_feat_iff
D:7:      layout_loops_cross, mainiacjoe_overflow_alcove_2
D:8:      layout_gridville
D:9:      layout_basic, kennysheep_okawaru_gauntlet, kennysheep_mini_moat,
          minmay_hollow_rounded_squares
D:10:     layout_long_grid, nzn_hepliaklqana_mist_gate, amcnicky_altar_gilded,
          mainiacjoe_overflow_catwalk_spiral, kennysheep_mini, nicolae_evil_shop
D:11:     layout_loops_ring, david_lair_generic, david_orc_2
D:12:     layout_loops_ring
D:13:     layout_loops_cross
D:14:     layout_long_grid, erik_vaults_1
D:15:     gammafunk_enter_depths_forms, layout_basic, enter_trove_2,
          chequers_hall_statues_wall_a, uniq_azrael
Temple:   compressed_dpeg_circular_temple
Lair:1:   dragon1_lemuel, layout_cave_pods, serial_bayou_shore_b
Lair:2:   nzn_winding_woodlands_cross
          [nzn_winding_woodlands_5x15_pathside_ponds,
          nzn_winding_woodlands_5x15_pool, nzn_winding_woodlands_5x15_twine,
          nzn_winding_woodlands_5x15_river_crossing,
          nzn_winding_woodlands_15x15_five_gardens], layout_gridlike,
          grunt_forest_small_clearing_treed
Lair:3:   layout_regular_city, minmay_swamp_entry_worms,
          nicolae_spider_entry_non_spiders
Lair:4:   layout_regular_city, nicolae_quartered_pool_little
Lair:5:   gammafunk_lair_ancient_temple, layout_small_grid,
          nicolae_slime_entry_slimehenge, dreamdust_gnoll_shepherd, uniq_nessos
Swamp:1:  layout_basic_swamp, evilmike_swamp_ruin_house_6,
          infiniplex_staircase_pool, uniq_jorgrun
Swamp:2:  layout_falls_marsh, evilmike_swamp_ruin_house_1
Swamp:3:  nicolae_swamp_long_stream, layout_basic_swamp, serial_swamp_ruin,
          evilmike_swamp_ruin_house_2, evilmike_swamp_ruin_rubble_1,
          uniq_mlioglotl
Swamp:4:  swamp_old_school, layout_basic_swamp,
          portal_ice_cave_entry_ugly_swarm, roderic_carrion_pond
Spider:1: layout_spider_delve, gammafunk_ghost_mausoleum
Spider:2: layout_spider_delve
Spider:3: layout_spider_delve, uniq_donald
Spider:4: floodkiller_spider_rune_tomb
Orc:1:    layout_diamond_mine
Orc:2:    grunt_orc_cross, layout_caves, elves_outpost_lemuel
Elf:1:    layout_geoelf_octagon, basic_altar, serial_shops,
          nicolae_shop_just_a_little_nook, shop, shop,
          hangedman_elven_crosses_minicolossus, dreamdust_wishing_well
Elf:2:    nicolae_elf_blades_splatter_lattice
          [nicolae_blade_entry_splitting_headache], layout_geoelf_diagonals,
          minivault_8
Elf:3:    minmay_elf_hall_four_x, layout_gridlike,
          nicolae_concentric_dashed_squares_mild
Vaults:1: nicolae_vaults_trapezoid_1, nicolae_vaults_mitosis,
          vaults_standard_mumra_lines, nicolae_vaults_shrinking_rooms_1,
          vaults_room_grunt_arrival_ludios, grunt_vaults_swirl,
          vaults_room_door_hall, nicolae_vaults_oval_intersection,
          nicolae_vaults_offset_grid_hallway_4, ontoclasm_vaults_shuriken,
          layout_vaults_ring
Vaults:2: nicolae_vaults_crenellated_ambush, vaults_room_corners, v_misc_8,
          nicolae_vaults_oval_intersection, nicolae_vaults_rhombus_5,
          vaults_room_grid, v_misc_31, vaults_room_semicircle,
          ontoclasm_vaults_gateway, hangedman_vaults_snaps,
          nicolae_vaults_yaktaur_gun_rack, nicolae_vaults_house_1,
          vaults_room_octagon, nicolae_vaults_tetromino_L_2,
          hangedman_vaults_variations, grunt_vaults_bifocal,
          dpeg_vaults_monster_row, layout_vaults_maze_bifur, uniq_margery
Vaults:3: vaults_room_octagon, ontoclasm_vaults_claustrophobia,
          vaults_room_large_hall, ontoclasm_vaults_spin,
          nicolae_vaults_closet_pinwheel_1, hangedman_vaults_slice,
          nicolae_vaults_border_crossing, minmay_crypt_entry_skeletal_spiral,
          nicolae_vaults_tetromino_L_2, v_misc_3, vaults_dpeg_emergency_exit,
          nicolae_vaults_little_squares_4, layout_vaults_big_room
Vaults:4: emtedronai_trogs_sanctum, v_misc_11, nicolae_vaults_big_ls,
          vaults_mumra_hex, nicolae_vaults_octothorpe, vaults_dpeg_ring,
          nicolae_vaults_diamond_2, layout_vaults_omnigrid, serial_shops, shop
Abyss:4:  base: Depths:3, minivault_26, evilmike_abyss_exit_glass,
          due_evilmike_abyss_rune_seething_liches,
          due_evilmike_abyss_rune_seething_liches, hangedman_decor_peaks_small,
          minivault_24

Skill      XL: |  1  2  3  4  5  6  7  8  9 10 11 12 13 14 15 16 17 18 19 20 21 22 |
---------------+-------------------------------------------------------------------+-----
Fighting       | 1 2 3 4 5 6 8 9 11 13 14 | 14.8
Earth Magic    | 4 8 12 14 15 | 15.9
Ranged Weapons | 2 3 5 6 8 10 12 15 18 | 18.0
Stealth        | 3 4 6 7 8 9 10 12 14 15 | 15.0
Armour         | 2 3 5 7 10 11 12 13 14 | 14.0
Evocations     | 1 2 |  2.0
Dodging        | 2 6 9 11 12 13 | 13.4
Invocations    | 7 11 12 13 15 | 15.0
Necromancy     | 4 7 10 11 | 11.0
Spellcasting   | 4 5 |  5.0
Hexes          | 3 |  3.4
Transmutations | |  0.7

Action                     |  1- 3 |  4- 6 |  7- 9 | 10-12 | 13-15 | 16-18 | 19-21 | 22-24 || total
---------------------------+-------+-------+-------+-------+-------+-------+-------+-------++-------
  Melee: Unarmed           |     6 |       |       |       |       |       |       |       ||     6
         Whip              |     7 |       |       |       |       |       |       |       ||     7
         Longbow           |       |       |       |       |       |     3 |       |       ||     3
   Fire: Longbow           |       |    43 |   121 |   260 |   698 |  1031 |   982 |    84 ||  3219
   Cast: Sandblast         |    57 |    15 |     4 |       |     2 |       |       |       ||    78
         Borgnjor's Vile C |       |       |       |       |       |       |    46 |    12 ||    58
         Animate Dead      |       |       |       |       |       |       |     6 |       ||     6
         Leda's Liquefacti |       |       |       |       |       |       |     1 |       ||     1
         Passwall          |       |       |       |       |       |       |       |     1 ||     1
 Invoke: Shadow Form       |       |       |       |       |       |       |     2 |       ||     2
    Use: Scroll            |       |     7 |     7 |     7 |    15 |    10 |     2 |       ||    48
         Potion            |       |       |       |     2 |     3 |    12 |     2 |       ||    19
 Armour: Robe              |     7 |     2 |       |       |       |       |       |       ||     9
         Leather armour    |       |     4 |       |       |       |       |       |       ||     4
         Ring mail         |       |       |    23 |    31 |    40 |   289 |   132 |     8 ||   523
  Dodge: Dodged            |    25 |     6 |    30 |    34 |    68 |   445 |   219 |     4 ||   831
  Block: Other             |       |       |     6 |    12 |    17 |   104 |    61 |     1 ||   201
         Reflection        |       |       |     1 |     2 |     3 |     1 |    14 |       ||    21
